 Dungeon Crawl Stone Soup version 0.32-a0-900-g30fb1b0edc (webtiles) character file.

Game seed: 3216103037827638127

85 HilariousDeathArtist the Trooper (level 4, -5/39 HPs)
             Began as a Coglin Delver on Apr 5, 2024.
             Was an Initiate of Trog.
             Slain by a water moccasin zombie (7 damage)
             ... in an ossuary.
             The game lasted 00:05:00 (617 turns).

HilariousDeathArtist the Trooper (Coglin Delver)     Turns: 617, Time: 00:05:01

Health: -5/39      AC:  3    Str: 14    XL:     4   Next: 48%
Magic:  4/4        EV: 11    Int:  9    God:    Trog [......]
Gold:   60         SH:  0    Dex: 16    Spells: 3/3 levels left

rFire   . . .        a - +0 spear {Ulrich}
rCold   . . .        h - +0 dagger {Jia}
rNeg    . . .        b - +0 leather armour
rPois   .            (no helmet)
rElec   .            (no cloak)
rCorr   .            (no gloves)
SInv    .            (no boots)
Will    .....        (amulet unavailable)
Stlth   ++           (ring unavailable)
HPRegen 0.26/turn    (ring unavailable)
MPRegen 0.09/turn    (no gizmo)

%: no passive effects
@: revving
A: off-hand wielding, slow wielding, warmup strikes, no jewellery
a: Invent Gizmo, Renounce Religion


You were in an ossuary.
You worshipped Trog.
Trog was noncommittal.
You visited 2 branches of the dungeon, and saw 4 of its levels.
You also visited: Ossuary.

You collected 60 gold pieces.

Inventory:

Hand Weapons
 a - a +0 spear (weapon) {Ulrich}
 h - a +0 dagger (offhand) {Jia}
Missiles
 e - 3 poisoned darts
 i - 6 boomerangs
Armour
 b - a +0 leather armour (worn)
Wands
 d - a wand of digging (3)
Scrolls
 c - a scroll of fog
 g - a scroll of revelation
 E - 2 scrolls of fear


   Skills:
 + Level 5.1 Fighting
 - Level 1.7 Polearms
 - Level 1.7 Dodging
 - Level 4.1 Stealth


You had 3 spell levels left.
You didn't know any spells.
Your spell library was empty.

Dungeon Overview and Level Annotations

Branches:
Dungeon (6/15)             Temple (1/1) D:4         Ossuary (1/1)

Altars:
Cheibriados
Dithmenos
Elyvilon
Fedhas
Gozag
Hepliaklqana
Kikubaaqudgha
Makhleb
Nemelex Xobeh
Okawaru
Qazlal
Ru
Trog
Uskayaw
Vehumet
Wu Jian
The Shining One

Annotations:
D:4 Sigmund
D:6 exclusion: black bear


Innate Abilities, Weirdness & Mutations

You can wield a second weapon in your off-hand.
It takes a long time for you to wield or remove held weapons.
Your first few attacks do less damage.
You cannot equip rings or amulets.


Message History

You barely miss the water moccasin zombie with your +0 spear.
You barely miss the water moccasin zombie with your +0 dagger.
The water moccasin zombie bites you.
You take 1 damage, and have 23/31 hp.
You closely miss the water moccasin zombie with your +0 dagger.
You completely miss the water moccasin zombie with your +0 spear.
The water moccasin zombie barely misses you.
You hit the water moccasin zombie but do no damage.
You hit the water moccasin zombie with your +0 dagger.
The water moccasin zombie bites you but does no damage.
You barely miss the water moccasin zombie with your +0 spear.
You hit the water moccasin zombie with your +0 dagger.
The water moccasin zombie closely misses you.
You barely miss the water moccasin zombie with your +0 dagger.
You hit the water moccasin zombie with your +0 spear.
The water moccasin zombie closely misses you.
The water moccasin zombie bites you.
You take 4 damage, and have 20/31 hp.
You hit the water moccasin zombie but do no damage. x2
The water moccasin zombie closely misses you.
You hit the water moccasin zombie with your +0 spear.
You hit the water moccasin zombie with your +0 dagger.
The water moccasin zombie bites you.
You take 5 damage, and have 15/31 hp.
You are too injured to fight recklessly!
You are too injured to fight recklessly!
You are too injured to fight recklessly!
You are too injured to fight recklessly!
You are too injured to fight recklessly!
You are too injured to fight recklessly!
You barely miss the water moccasin zombie with your +0 spear.
You hit the water moccasin zombie but do no damage.
The water moccasin zombie bites you.
You take 4 damage, and have 11/31 hp.
You closely miss the water moccasin zombie with your +0 spear.
You hit the water moccasin zombie with your +0 dagger.
The water moccasin zombie bites you.
* * * LOW HITPOINT WARNING * * *
You take 3 damage, and have 8/31 hp.
You hit the water moccasin zombie with your +0 spear.
You hit the water moccasin zombie with your +0 dagger.
The water moccasin zombie barely misses you.
The water moccasin zombie bites you.
* * * LOW HITPOINT WARNING * * *
You take 1 damage, and have 7/31 hp.
The water moccasin zombie attacks as it pursues you!
The water moccasin zombie bites you but does no damage.
There is an open door here.
You hit the water moccasin zombie with your +0 dagger.
You hit the water moccasin zombie with your +0 spear.
The water moccasin zombie barely misses you.
You closely miss the water moccasin zombie with your +0 spear.
You hit the water moccasin zombie but do no damage.
The water moccasin zombie barely misses you.
The water moccasin zombie bites you!
* * * LOW HITPOINT WARNING * * *
You take 6 damage, and have 2/31 hp.
You hit the water moccasin zombie with your +0 dagger.
You hit the water moccasin zombie with your +0 spear.
You destroy the water moccasin zombie!
Trog accepts your kill.
Your Fighting skill increases to level 5!
You have reached level 4!
You feel agile.
MP restored: 4 There's a creature in the doorway!
Unknown command.
You aren't carrying any potions.
Unknown command.
Okay, then.
You aren't carrying any potions.
Unknown command.
Okay, then.
You aren't carrying any potions.
Unknown command.
Throw: 6 boomerangs
Press: ? - help, Shift-Dir - straight line You throw a boomerang.
The boomerang hits the orc zombie.
Okay, then.
Okay, then.
The orc zombie barely misses you.
There is an empty arch of ancient stone here.
The crocodile zombie bites you.
* * * LOW HITPOINT WARNING * * *
There is an open door, spattered with blood here.
You take 3 damage, and have 1/39 hp.
You aren't carrying any potions.
Unknown command.
Okay, then.
Okay, then.
You aren't carrying any potions.
Unknown command.
Okay, then.
Reach: a) +0 spear {Ulrich}
Press: ? - help, Dir - move target, f - crocodile zombie
Aim: a crocodile zombie (moderately damaged, about 26% to evade your +0 spear)
You reach to attack!
You hit the crocodile zombie with your +0 spear.
The water moccasin zombie bites you!
You die...

..# ###'#
#...# #...#
#...# #...#
###'# #.Z.#
#@Z.##### ####
#..Z#...#!?!?#
#...'.∩.#?$(?+
#∩..#...#!!!!#
##############


You could see a water moccasin zombie, a crocodile zombie and an orc zombie.

Vanquished Creatures
  A water moccasin zombie (Ossuary)
  2 ufetubi (D:4)
  2 adder zombies (Ossuary)
  A dart slug (D:4)
  2 endoplasms (D:4)
  2 gnoll zombies (Ossuary)
  4 kobolds (D:4)
  A ball python (D:4)
  A jackal zombie (Ossuary)
16 creatures vanquished.

Notes
Turn   | Place    | Note
-------+----------+-------------------------------------------
     0 | D:5      | HilariousDeathArtist the Coglin Delver began the quest for
                  | the Orb.
     0 | D:5      | Reached XP level 1. HP: 18/18 MP: 1/1
     3 | D:6      | Noticed a black bear
    38 | D:4      | Noticed Sigmund
    84 | D:4      | Reached XP level 2. HP: 17/24 MP: 2/2
   107 | D:4      | HP: 6/24 [ufetubus (4)]
   227 | D:4      | Found a staircase to the Ecumenical Temple.
   235 | Temple   | Entered the Ecumenical Temple
   255 | Temple   | Became a worshipper of Trog the Wrathful
   308 | D:4      | Reached skill level 4 in Fighting
   439 | D:4      | Found a sand-covered staircase.
   450 | Ossuary  | Entered an ossuary
   457 | Ossuary  | Reached XP level 3. HP: 30/30 MP: 3/3
   599 | Ossuary  | HP: 7/31 [water moccasin zombie (1)]
   605 | Ossuary  | HP: 2/31 [water moccasin zombie (7)]
   607 | Ossuary  | Reached skill level 5 in Fighting
   607 | Ossuary  | Reached XP level 4. HP: 3/39 MP: 4/4
   612 | Ossuary  | HP: 1/39 [crocodile zombie (3)]
   617 | Ossuary  | Slain by a water moccasin zombie

Illustrated notes

Levels and vault maps discovered:
D:4:      layout_loops_ring, minmay_temple_entry_fiery, enter_ossuary_3,
          uniq_sigmund
D:5:      layout_rooms, minmay_statues_item
D:6:      layout_loops_cross, biasface_ghost_orc_armoury
Temple:   nicolae_temple_bog_church
Ossuary:  ossuary_tomb_2

Skill      XL: |  1  2  3 |
---------------+----------+-----
Fighting       | 4 5 |  5.1
Polearms       | |  1.7
Dodging        | |  1.7
Stealth        | |  4.1

Action                     |  1- 3 |  4- 6 || total
---------------------------+-------+-------++-------
  Melee: Spear             |    73 |     1 ||    74
         Dagger            |    70 |       ||    70
  Throw: Dart              |     6 |       ||     6
         Stone             |     1 |       ||     1
         Boomerang         |       |     1 ||     1
    Use: Scroll            |     2 |       ||     2
         Potion            |     2 |       ||     2
   Stab: Sleeping          |     2 |       ||     2
 Armour: Leather armour    |    57 |     2 ||    59
  Dodge: Dodged            |    73 |     1 ||    74

Table legend: (Time is in decaauts)
 A = Elapsed time spent in this place.
 B = Non-inter-level travel time spent in this place.
 C = Inter-level travel time spent in this place.
 D = Time resting spent in this place.
 E = Time spent auto-exploring this place.
 F = Levels seen in this place.
 G = Mean time per level.
                   A        B        C        D        E       F      G
               +--------+--------+--------+--------+--------+-----+--------+
         Total |    599 |    533 |     66 |    110 |     15 |   5 |  119.8 |
       Dungeon |    390 |    362 |     28 |     34 |      5 |   3 |  130.0 |
        Temple |     40 |      2 |     38 |      0 |      0 |   1 |   40.0 |
       Ossuary |    167 |    167 |      0 |     76 |     10 |   1 |  167.0 |
               +--------+--------+--------+--------+--------+-----+--------+

Top non-repeatable levels by time:
     D:4: 358 daAuts
 Ossuary: 167 daAuts
  Temple: 40 daAuts
     D:5: 27 daAuts
     D:6: 5 daAuts

Levels and vault maps discovered:
D:4:      layout_loops_ring, minmay_temple_entry_fiery, enter_ossuary_3,
          uniq_sigmund
D:5:      layout_rooms, minmay_statues_item
D:6:      layout_loops_cross, biasface_ghost_orc_armoury
Temple:   nicolae_temple_bog_church
Ossuary:  ossuary_tomb_2

Table legend: (Time is in decaauts)
 A = Elapsed time spent in this place.
 B = Non-inter-level travel time spent in this place.
 C = Inter-level travel time spent in this place.
 D = Time resting spent in this place.
 E = Time spent auto-exploring this place.
 F = Levels seen in this place.
 G = Mean time per level.
                   A        B        C        D        E       F      G
               +--------+--------+--------+--------+--------+-----+--------+
         Total |    599 |    533 |     66 |    110 |     15 |   5 |  119.8 |
       Dungeon |    390 |    362 |     28 |     34 |      5 |   3 |  130.0 |
        Temple |     40 |      2 |     38 |      0 |      0 |   1 |   40.0 |
       Ossuary |    167 |    167 |      0 |     76 |     10 |   1 |  167.0 |
               +--------+--------+--------+--------+--------+-----+--------+

Top non-repeatable levels by time:
     D:4: 358 daAuts
 Ossuary: 167 daAuts
  Temple: 40 daAuts
     D:5: 27 daAuts
     D:6: 5 daAuts

Table legend:
 A = Kills in this place as a percentage of kills in the entire game.
 B = Kills by you in this place as a percentage of kills by you in the entire game.
 C = Kills by friends in this place as a percentage of kills by friends in the entire game.
 D = Other kills in this place as a percentage of other kills in the entire game.
 E = Experience gained in this place as a percentage of experience gained in the entire game.
 F = Experience gained in this place divided by the number of levels of this place that you have seen.
                   A       B       C       D       E      F
               +-------+-------+-------+-------+-------+----------------------
         Total | 100.0 | 100.0 |   N/A |   N/A | 100.0 |  24.4
       Dungeon |  62.5 |  62.5 |   N/A |   N/A |  27.0 |  11.0
       Ossuary |  37.5 |  37.5 |   N/A |   N/A |  73.0 |  89.0
               +-------+-------+-------+-------+-------+----------------------
